TOP OF THE 1ST |
University of Illinois Fighting Illini batting - Pitching for Washington State University Cougars : RHP Tom Gordam
|
Pitching: RHP Tom Gordam
|
|
Batting: LHB Antonio Sandoval
|
0-0: Ball 1-0: Foul Ball, location: 2F 1-1: Ground out 3-1 (Groundball, 34S, EV 79.4 MPH)
|
Batting: RHB Hugo Priego
|
0-0: Foul Ball, location: 2F 0-1: Ball 1-1: Foul Ball, location: 2F 1-2: Strikes out looking
|
Batting: LHB Fumito Sakurai
|
0-0: Foul Ball, location: 2F 0-1: Ball 1-1: Ball 2-1: Ground out U3 (Groundball, 3, EV 80.6 MPH)
|
Top of the 1st over - 0 runs, 0 hits, 0 errors, 0 left on base; University of Illinois 0 - Washington State University 0 |
BOTTOM OF THE 1ST |
Washington State University Cougars batting - Pitching for University of Illinois Fighting Illini : LHP Dave Serna
|
Pitching: LHP Dave Serna
|
|
Batting: RHB Rich Griffith
|
0-0: Ground out 4-3 (Groundball, 4, EV 86.2 MPH)
|
Batting: LHB Randolph Brodbeck
|
0-0: Foul Ball, location: 2F 0-1: Swinging Strike 0-2: Ball 1-2: Ground out 4-3 (Groundball, 4, EV 75.6 MPH)
|
Batting: RHB Camillo Bonauiti
|
0-0: Ball 1-0: Ball 2-0: Ground out U3 (Groundball, 3, EV 100.6 MPH)
|
Bottom of the 1st over - 0 runs, 0 hits, 0 errors, 0 left on base; University of Illinois 0 - Washington State University 0 |
TOP OF THE 2ND |
University of Illinois Fighting Illini batting - Pitching for Washington State University Cougars : RHP Tom Gordam
|
Batting: RHB Oscar Ramirez
|
0-0: Ball 1-0: Ball 2-0: Foul Ball, location: 2F 2-1: Ground out 4-3 (Groundball, 4S, EV 84.4 MPH)
|
Batting: RHB Cody Leonard
|
0-0: Ball 1-0: Foul Ball, location: 2F 1-1: Ground out 4-3 (Groundball, 4, EV 85.0 MPH)
|
Batting: SHB Ernesto Mazas
|
0-0: Swinging Strike 0-1: Called Strike 0-2: Strikes out swinging
|
Top of the 2nd over - 0 runs, 0 hits, 0 errors, 0 left on base; University of Illinois 0 - Washington State University 0 |
BOTTOM OF THE 2ND |
Washington State University Cougars batting - Pitching for University of Illinois Fighting Illini : LHP Dave Serna
|
Batting: RHB Miguel Pacheco
|
0-0: Ball 1-0: Fly out, F9 (Flyball, 9D, EV 106.2 MPH)
|
Batting: LHB Jeremy Rideout
|
0-0: Swinging Strike 0-1: Foul Ball, location: 2F 0-2: Foul Ball, location: 2F 0-2: Ball 1-2: Fly out, F6 (Line Drive, 6, EV 70.0 MPH)
|
Batting: RHB Wilson Salgado
|
0-0: Ball 1-0: Ball 2-0: Fly out, F8 (Flyball, 8LD, EV 83.8 MPH)
|
Bottom of the 2nd over - 0 runs, 0 hits, 0 errors, 0 left on base; University of Illinois 0 - Washington State University 0 |
TOP OF THE 3RD |
University of Illinois Fighting Illini batting - Pitching for Washington State University Cougars : RHP Tom Gordam
|
Batting: LHB Javy Rueda
|
0-0: Ball 1-0: Fly out, F7 (Flyball, 78M, EV 73.8 MPH)
|
Batting: LHB Clint Hanninen
|
0-0: Ball 1-0: Foul Ball, location: 2F 1-1: Bunted foul 1-2: SINGLE (Groundball, 56S, EV 75.0 MPH) (infield hit)
|
Batting: RHB Mustafa bin Gamali
|
0-0: Ball 1-0: Grounds into double play, 4-6-3 (Groundball, 34, EV 105.0 MPH)
|
Top of the 3rd over - 0 runs, 1 hit, 0 errors, 0 left on base; University of Illinois 0 - Washington State University 0 |
BOTTOM OF THE 3RD |
Washington State University Cougars batting - Pitching for University of Illinois Fighting Illini : LHP Dave Serna
|
Batting: RHB Leo Lopez
|
0-0: Foul Ball, location: 2F 0-1: Called Strike 0-2: Strikes out swinging
|
Batting: RHB Eric Kent
|
0-0: Ball 1-0: Fly out, F8 (Flyball, 8LM, EV 95.6 MPH)
|
Batting: SHB Cedric Sweep
|
0-0: Swinging Strike 0-1: Ball 1-1: Ball 2-1: Ground out 6-3 (Groundball, 56, EV 108.1 MPH)
|
Bottom of the 3rd over - 0 runs, 0 hits, 0 errors, 0 left on base; University of Illinois 0 - Washington State University 0 |
TOP OF THE 4TH |
University of Illinois Fighting Illini batting - Pitching for Washington State University Cougars : RHP Tom Gordam
|
Batting: LHB Antonio Sandoval
|
0-0: Swinging Strike 0-1: Called Strike 0-2: Ball 1-2: Strikes out swinging
|
Batting: RHB Hugo Priego
|
0-0: Foul Ball, location: 2F 0-1: Ball 1-1: Foul Ball, location: 2F 1-2: Ball 2-2: SINGLE (Line Drive, 34D, EV 95.0 MPH)
|
Batting: LHB Fumito Sakurai
|
0-0: Ball 1-0: Fly out, F8 (Flyball, 8RM, EV 90.0 MPH)
|
Batting: RHB Oscar Ramirez
|
0-0: Called Strike 0-1: Ground out 6-3 (Groundball, 6S, EV 85.0 MPH)
|
Top of the 4th over - 0 runs, 1 hit, 0 errors, 1 left on base; University of Illinois 0 - Washington State University 0 |
BOTTOM OF THE 4TH |
Washington State University Cougars batting - Pitching for University of Illinois Fighting Illini : LHP Dave Serna
|
Batting: RHB Rich Griffith
|
0-0: Ball 1-0: Ball 2-0: Ball 3-0: Base on Balls
|
Batting: LHB Randolph Brodbeck
|
0-0: Called Strike 0-1: Called Strike Rich Griffith steals 2nd, throwing error, E2 Rich Griffith to third 0-2: Strikes out swinging
|
Batting: RHB Camillo Bonauiti
|
0-0: Called Strike 0-1: Ball 1-1: Called Strike 1-2: Fly out, F3 (Popup, 3F, EV 70.6 MPH)
|
Batting: RHB Miguel Pacheco
|
0-0: Ground out 6-3 (Groundball, 56, EV 78.8 MPH)
|
Bottom of the 4th over - 0 runs, 0 hits, 1 error, 1 left on base; University of Illinois 0 - Washington State University 0 |
TOP OF THE 5TH |
University of Illinois Fighting Illini batting - Pitching for Washington State University Cougars : RHP Tom Gordam
|
Batting: RHB Cody Leonard
|
0-0: Swinging Strike 0-1: Foul Ball, location: 2F 0-2: Ball 1-2: Strikes out swinging
|
Batting: SHB Ernesto Mazas
|
0-0: Ball 1-0: Called Strike 1-1: Ball 2-1: Swinging Strike 2-2: Ball 3-2: Base on Balls
|
Batting: LHB Javy Rueda
|
0-0: Foul Ball, location: 2F 0-1: Swinging Strike 0-2: Ball 1-2: Strikes out swinging
|
Batting: LHB Clint Hanninen
|
0-0: Ball 1-0: Ball 2-0: Called Strike 2-1: Ball 3-1: Swinging Strike 3-2: Ground out 4-3 (Groundball, 34S, EV 86.9 MPH)
|
Top of the 5th over - 0 runs, 0 hits, 0 errors, 1 left on base; University of Illinois 0 - Washington State University 0 |
BOTTOM OF THE 5TH |
Washington State University Cougars batting - Pitching for University of Illinois Fighting Illini : LHP Dave Serna
|
Batting: LHB Jeremy Rideout
|
0-0: Called Strike 0-1: SOLO HOME RUN (Flyball, 9LD, EV 94.4 MPH), Distance : 346 ft
|
Batting: RHB Wilson Salgado
|
0-0: Ball 1-0: Ball 2-0: Ball 3-0: Called Strike 3-1: Called Strike 3-2: SINGLE (Groundball, 6M, EV 112.5 MPH) (infield hit)
|
Batting: RHB Leo Lopez
|
0-0: Swinging Strike 0-1: Ball 1-1: Ball 2-1: Fly out, F4 (Popup, 4D, EV 51.9 MPH)
|
Batting: RHB Eric Kent
|
0-0: Ball 1-0: Called Strike 1-1: Foul Ball, location: 2F 1-2: Fielders Choice at 2nd, 1-6 (Groundball, 34S, EV 68.1 MPH)
|
Batting: SHB Cedric Sweep
|
0-0: Foul Ball, location: 2F 0-1: Called Strike 0-2: Strikes out swinging
|
Bottom of the 5th over - 1 run, 2 hits, 0 errors, 1 left on base; University of Illinois 0 - Washington State University 1 |
TOP OF THE 6TH |
University of Illinois Fighting Illini batting - Pitching for Washington State University Cougars : RHP Tom Gordam
|
Batting: RHB Mustafa bin Gamali
|
0-0: Called Strike 0-1: Called Strike 0-2: Ball 1-2: Foul Ball, location: 2F 1-2: Strikes out swinging
|
Batting: LHB Antonio Sandoval
|
0-0: Ball 1-0: Ball 2-0: Called Strike 2-1: Ball 3-1: Ground out 6-3 (Groundball, 56, EV 101.9 MPH)
|
Batting: RHB Hugo Priego
|
0-0: Ball 1-0: Ball 2-0: Foul Ball, location: 2F 2-1: Fly out, F7 (Flyball, 78D, EV 111.9 MPH)
|
Top of the 6th over - 0 runs, 0 hits, 0 errors, 0 left on base; University of Illinois 0 - Washington State University 1 |
BOTTOM OF THE 6TH |
Washington State University Cougars batting - Pitching for University of Illinois Fighting Illini : LHP Dave Serna
|
Batting: RHB Rich Griffith
|
0-0: Ball 1-0: Ball 2-0: Ball 3-0: Base on Balls
|
Batting: LHB Randolph Brodbeck
|
0-0: Ball 1-0: Called Strike 1-1: Bunt - Flyout to 13! F1
|
Batting: RHB Camillo Bonauiti
|
0-0: Called Strike 0-1: Ball 1-1: Foul Ball, location: 2F 1-2: Strikes out looking
|
Batting: RHB Miguel Pacheco
|
0-0: Foul Ball, location: 2F 0-1: Foul Ball, location: 2F 0-2: Ball 1-2: Foul Ball, location: 2F 1-2: Fielders Choice at 2nd, 5-4 (Groundball, 56, EV 88.8 MPH)
|
Bottom of the 6th over - 0 runs, 0 hits, 0 errors, 1 left on base; University of Illinois 0 - Washington State University 1 |
TOP OF THE 7TH |
University of Illinois Fighting Illini batting - Pitching for Washington State University Cougars : RHP Tom Gordam
|
Batting: LHB Fumito Sakurai
|
0-0: Called Strike 0-1: Ball 1-1: Fly out, F7 (Line Drive, 7, EV 85.6 MPH)
|
Batting: RHB Oscar Ramirez
|
0-0: Ball 1-0: Swinging Strike 1-1: Ball 2-1: Foul Ball, location: 2F 2-2: Ground out 4-3 (Groundball, 4, EV 81.9 MPH)
|
Batting: RHB Cody Leonard
|
0-0: Ball 1-0: Ball 2-0: Called Strike 2-1: Ball 3-1: Base on Balls
|
Pitching: RHP Dustin Hamblin
|
|
Batting: SHB Ernesto Mazas
|
0-0: Hit by Pitch Cody Leonard to second
|
Batting: LHB Javy Rueda
|
0-0: Swinging Strike 0-1: Fielders Choice at 2nd, U4 (Groundball, 4M, EV 100.6 MPH)
|
Top of the 7th over - 0 runs, 0 hits, 0 errors, 2 left on base; University of Illinois 0 - Washington State University 1 |
BOTTOM OF THE 7TH |
Washington State University Cougars batting - Pitching for University of Illinois Fighting Illini : LHP Dave Serna
|
Batting: LHB Jeremy Rideout
|
0-0: Called Strike 0-1: Fly out, F8 (Flyball, 8RS, EV 90.6 MPH)
|
Batting: RHB Wilson Salgado
|
0-0: SINGLE (Line Drive, 6M, EV 96.2 MPH)
|
Batting: RHB Leo Lopez
|
0-0: Fly out, F8 (Line Drive, 89S, EV 98.1 MPH)
|
Batting: RHB Eric Kent
|
0-0: Ground out 5-3 (Groundball, 56S, EV 85.0 MPH)
|
Bottom of the 7th over - 0 runs, 1 hit, 0 errors, 1 left on base; University of Illinois 0 - Washington State University 1 |
TOP OF THE 8TH |
University of Illinois Fighting Illini batting - Pitching for Washington State University Cougars : RHP Dustin Hamblin
|
Pinch Hitting: RHB Alejandro Collazo
|
0-0: Called Strike 0-1: Called Strike 0-2: Fly out, F8 (Flyball, 8LM, EV 75.6 MPH)
|
Batting: RHB Mustafa bin Gamali
|
0-0: Ball 1-0: Called Strike 1-1: Ground out 6-3 (Groundball, 6D, EV 88.8 MPH)
|
Batting: LHB Antonio Sandoval
|
0-0: Fly out, F1 (Popup, 15, EV 79.4 MPH)
|
Top of the 8th over - 0 runs, 0 hits, 0 errors, 0 left on base; University of Illinois 0 - Washington State University 1 |
BOTTOM OF THE 8TH |
Washington State University Cougars batting - Pitching for University of Illinois Fighting Illini : LHP Dave Serna
|
Now at SS: Alejandro Collazo
|
|
Batting: SHB Cedric Sweep
|
0-0: Called Strike 0-1: Ball 1-1: DOUBLE (Line Drive, 78D, EV 108.8 MPH)
|
Batting: RHB Rich Griffith
|
0-0: Swinging Strike 0-1: Foul Ball, location: 2F 0-2: Ball 1-2: Strikes out looking
|
Pitching: LHP Jim Roney
|
|
Batting: LHB Randolph Brodbeck
|
0-0: Ball 1-0: Ball 2-0: Ball 3-0: Called Strike 3-1: Fly out, F9 (Flyball, 89D, EV 99.4 MPH) Runner from 2nd tags up, SAFE at 3rd with throw by RF
|
Batting: RHB Camillo Bonauiti
|
0-0: Fly out, F9 (Flyball, 9S, EV 86.9 MPH)
|
Bottom of the 8th over - 0 runs, 1 hit, 0 errors, 1 left on base; University of Illinois 0 - Washington State University 1 |
TOP OF THE 9TH |
University of Illinois Fighting Illini batting - Pitching for Washington State University Cougars : RHP Dustin Hamblin
|
Pitching: LHP Travis Joyal
|
|
Now in RF: Dave Beerman
|
|
Batting: RHB Hugo Priego
|
0-0: Called Strike 0-1: Ball 1-1: Swinging Strike 1-2: Ball 2-2: Ball 3-2: Strikes out swinging
|
Batting: LHB Fumito Sakurai
|
0-0: Ball 1-0: Swinging Strike 1-1: Foul Ball, location: 2F 1-2: Strikes out looking
|
Pinch Hitting: RHB Fernando Acosta
|
0-0: SINGLE (Groundball, 4MD, EV 98.8 MPH)
|
Batting: RHB Cody Leonard
|
0-0: Called Strike 0-1: Ball 1-1: SINGLE (Groundball, 4MD, EV 98.1 MPH) Fernando Acosta to second Runner from 2nd tries for 3rd, SAFE, no throw by CF
|
Batting: SHB Ernesto Mazas
|
0-0: Ball 1-0: Ball 2-0: Fly out, F7 (Line Drive, 7, EV 89.4 MPH)
|
Top of the 9th over - 0 runs, 2 hits, 0 errors, 2 left on base; University of Illinois 0 - Washington State University 1 |
|